 Dungeon Crawl Stone Soup version 0.29.0-4-gdea44cf6ec (webtiles) character file.

Game seed: 15396818026089821803

283 qw the Chopper (level 6, 0/35 HPs)
             Began as a Tengu Warper on Aug 28, 2022.
             Succumbed to a goblin's poison
             ... on level 4 of the Dungeon.
             The game lasted 00:00:18 (3580 turns).

qw the Chopper (Tengu Warper)                       Turns: 3580, Time: 00:00:19

Health: 0/35       AC:  7    Str: 13    XL:     6   Next: 28%
Magic:  10/10      EV:  9    Int: 14    God:
Gold:   112        SH: 10    Dex: 13    Spells: 9/9 levels left

rFire   . . .      SeeInvis .   Y - +0 hand axe
rCold   . . .      Faith    .   c - +2 kite shield {reflect}
rNeg    . . .      Spirit   .   k - +0 scale mail
rPois   .          Reflect  +   (helmet restricted)
rElec   .          Harm     .   (no cloak)
rCorr   +          Rampage  .   f - +0 pair of gloves
Will    .....                   (boots unavailable)
Stlth   ..........              (no amulet)
HPRegen 0.11/turn               b - ring of resist corrosion
MPRegen 0.12/turn               (no ring)

@: lethally poisoned (0 -> -11), flying quickly and evasively, quick
A: beak, talons 3, nimble flight
a: no special abilities


You were on level 4 of the Dungeon.
You visited 1 branch of the dungeon, and saw 4 of its levels.

You collected 192 gold pieces.
You spent 80 gold pieces at shops.


Innate Abilities, Weirdness & Mutations

You have a beak for a mouth.
You have claws for feet.
Your magical nature lets you fly swiftly and evasively.


   Skills:
 - Level 2.0 Fighting
 + Level 5.8 Axes
 - Level 1.0 Throwing
 - Level 1.1 Armour
 - Level 2.1 Dodging
 - Level 3.4 Shields
 - Level 2.0 Spellcasting
 - Level 2.4 Translocations


You had 9 spell levels left.
You didn't know any spells.
Your spell library contained the following spells:

 Spells                   Type           Power      Damage    Failure   Level
 Blink                    Tloc           16%        N/A       90%         2
 Gell's Gravitas          Tloc           8%         N/A       99%         3
 Lesser Beckoning         Tloc           8%         N/A       99%         3
 Teleport Other           Tloc           8%         N/A       99%         3
 Manifold Assault         Tloc           8%         N/A       100%        5

Inventory:

Hand Weapons
 m - a +0 mace
 Y - a +0 hand axe (weapon)
Missiles
 e - 4 boomerangs (quivered)
Armour
 c - a +2 kite shield of reflection (worn)
 f - a +0 pair of gloves (worn)
 k - a +0 scale mail (worn)
 l - a +1 scale mail of fire resistance
Jewellery
 b - a ring of resist corrosion (left hand)
Scrolls
 a - 2 scrolls of identify
 o - a scroll of enchant weapon {unknown}
Potions
 d - a potion of magic {unknown}
 g - a potion of haste {unknown}
 i - a potion of flight {unknown}
 j - a potion of resistance {unknown}
 n - a potion of heal wounds {unknown}
 p - 2 potions of berserk rage {unknown}
 q - a potion of curing

Dungeon Overview and Level Annotations

Branches:
Dungeon (4/15)
 Temple: D:4-7

Altars:
Ashenzari

Shops:
D:4 *

Annotations:
D:3 1 runed translucent door, Crazy Yiuf


Message History

The black bear bites you. The black bear closely misses you.
The black bear barely misses you.
You closely miss the black bear.
You claw the black bear, but do no damage.
The black bear is severely wounded.
The black bear closely misses you. The black bear barely misses you.
You block the black bear's attack.
You hit the black bear but do no damage.
You claw the black bear. Your peck misses the black bear.
The black bear is severely wounded.
The black bear goes berserk!
You hit the black bear but do no damage.
You claw the black bear. You peck the black bear.
The black bear is almost dead.
The black bear barely misses you. x3; You block the black bear's attack.
The black bear claws you but does no damage.
The black bear claws you.
3577 ||| READING scroll of teleportation.
As you read the scroll of teleportation, it crumbles to dust.
You feel strangely unstable. The black bear bites you.
The black bear claws you. You block the black bear's attack.
The black bear bites you but does no damage.
The black bear claws you but does no damage. x2
You hit the black bear.
You kill the black bear!
Your Axes skill increases to level 5!
You have reached level 6!
You start resting.
Your surroundings suddenly seem different.
A gnoll bouda, a goblin and a howler monkey come into view.
The goblin is wielding a +1 dagger of venom.
Found 3 gold pieces.
Found a stone staircase leading down.
The gnoll bouda shouts!
The goblin shouts!
The howler monkey howls!
You hear a shout!
The goblin hits you but does no damage.
You are lethally poisoned!
A gnoll comes into view. It is wielding a +0 whip.
The gnoll shouts!
You hit the goblin but do no damage.
You die...

.....
.....
.##>
?....
....
.....
...##
.....
h....
.....
....#.
.....
#.....#
#....
##....#
##...
#@..$#
.#
#..g..#
##
##....#
#....#
###
#....#
...
....##
###
###g#
g.


You could see a gnoll bouda, a howler monkey, a gnoll and a goblin.

Vanquished Creatures
  A black bear (D:4)
  An orc priest (D:4)
  An orc wizard (D:3)
  8 adders
  A dart slug (D:2)
  2 orcs (D:3)
  4 bats
  6 endoplasms
  3 giant cockroaches
  4 goblins
  2 hobgoblins (D:2)
  10 jackals
  2 quokkas (D:2)
  5 ball pythons
  2 frilled lizards (D:2)
  4 kobolds
  8 rats
64 creatures vanquished.

Notes
Turn   | Place    | Note
-------+----------+-------------------------------------------
     0 | D:1      | qw the Tengu Warper began the quest for the Orb.
     0 | D:1      | Reached XP level 1. HP: 12/12 MP: 4/4
     0 | D:1      | 0 ||| qw: Version: 0.1-a-89-g26bdef1
     0 | D:1      | 0 ||| qw: Game counter: 1416
     0 | D:1      | 0 ||| qw: Always use a shield: true
     0 | D:1      | 0 ||| qw: God list: Okawaru
     0 | D:1      | 0 ||| qw: Allow faded altars: false
     0 | D:1      | 0 ||| qw: Do Orc after D:15 true
     0 | D:1      | 0 ||| qw: Do second Lair branch before Depths: true
     0 | D:1      | 0 ||| qw: Lair rune preference: random
     0 | D:1      | 0 ||| qw: Plans: Normal
     0 | D:1      | 0 ||| PLANNING D:1-11
   409 | D:1      | 409 ||| Stepping ~*~*~tactically~*~*~ (stealth).
   414 | D:1      | Reached XP level 2. HP: 13/17 MP: 6/6
   415 | D:1      | Reached skill level 3 in Axes
  1054 | D:1      | 1054 ||| UPGRADING to +0 ring mail.
  1064 | D:1      | 1064 ||| DROPPING +0 leather armour.
  1065 | D:1      | 1065 ||| UPGRADING to +0 pair of gloves.
  1070 | D:1      | 1070 ||| READING scroll labelled UGORUJU ILUPO.
  1071 | D:1      | 1071 ||| READING scroll labelled JUOTATIYDO.
  1072 | D:1      | 1072 ||| READING scroll labelled ULLOTAM ER VUU.
  1073 | D:1      | 1073 ||| READING scroll labelled AQELYF GYBYA.
  1074 | D:1      | 1074 ||| READING scroll labelled NENADGHUYDI.
  1078 | D:1      | 1078 ||| DRINKING 2 ruby potions.
  1079 | D:1      | 1079 ||| DROPPING scroll of blinking.
  1080 | D:1      | 1080 ||| DROPPING potion of invisibility.
  1239 | D:2      | 1239 ||| Stepping ~*~*~tactically~*~*~ (stealth).
  1240 | D:2      | 1240 ||| Stepping ~*~*~tactically~*~*~ (stealth).
  1331 | D:2      | Reached skill level 4 in Axes
  1331 | D:2      | Reached XP level 3. HP: 19/21 MP: 7/7
  2026 | D:2      | 2026 ||| UPGRADING to +0 scale mail.
  2036 | D:2      | 2036 ||| DROPPING +0 ring mail.
  2037 | D:2      | 2037 ||| UPGRADING to ring of resist corrosion.
  2038 | D:2      | 2038 ||| READING scroll labelled ZUPLAU VOAGHI.
  2039 | D:2      | 2039 ||| READING scroll labelled TELUKHL JURUZYN.
  2039 | D:2      | Identified a scroll of acquirement
  2039 | D:2      | 2039 ||| ACQUIRING +2 kite shield of reflection
  2039 | D:2      | Acquired a +2 kite shield of reflection
  2041 | D:2      | 2041 ||| UPGRADING to +2 kite shield of reflection.
  2046 | D:2      | 2046 ||| READING scroll labelled KUNIWK EN WOUSKI.
  2047 | D:2      | 2047 ||| DRINKING 3 glowing yellow potions.
  2048 | D:2      | 2048 ||| DROPPING 2 potions of attraction.
  2141 | D:3      | Reached XP level 4. HP: 26/26 MP: 8/8
  2166 | D:3      | Reached skill level 1 in Shields
  2333 | D:3      | 2333 ||| Stepping ~*~*~tactically~*~*~ (stealth).
  2690 | D:3      | Found a runed translucent door.
  2691 | D:3      | Noticed Crazy Yiuf
  2724 | D:3      | 2724 ||| READING 2 scrolls labelled MOIVEPOSUO.
  2725 | D:3      | 2725 ||| READING scroll labelled JAUKA LONYFOUM.
  2726 | D:3      | 2726 ||| DRINKING 2 fuming ruby potions.
  2727 | D:3      | 2727 ||| DROPPING scroll of immolation.
  2787 | D:4      | 2787 ||| Stepping ~*~*~tactically~*~*~ (hiding).
  2788 | D:4      | 2788 ||| STAIRDANCE
  2934 | D:4      | 2934 ||| STAIRDANCE
  2943 | D:3      | Gained mutation: Your magical nature lets you fly swiftly
                  | and evasively. [Tengu growth]
  2943 | D:3      | Reached XP level 5. HP: 26/30 MP: 9/9
  3035 | D:3      | 3035 ||| DROPPING +0 club.
  3094 | D:4      | 3094 ||| STAIRDANCE
  3217 | D:4      | Reached skill level 3 in Shields
  3217 | D:4      | 3217 ||| STAIRDANCE
  3377 | D:4      | Found Lurrej's CLEARANCE SALE!.
  3387 | D:4      | 3387 ||| BUYING +1 scale mail of fire resistance (80 gold).
  3387 | D:4      | Bought a +1 scale mail of fire resistance for 80 gold
                  | pieces
  3477 | D:4      | Found a broken altar of Ashenzari.
  3481 | D:4      | Saw a vision of the Swamp and the Spider Nest.
  3481 | D:4      | Noticed a four-headed hydra
  3481 | D:4      | Noticed a swamp drake
  3481 | D:4      | Noticed a goliath frog
  3481 | D:4      | Noticed a bunyip
  3481 | D:4      | Noticed a redback
  3481 | D:4      | Noticed a torpor snail
  3481 | D:4      | Noticed a tarantella
  3481 | D:4      | Noticed a demonic crawler
  3481 | D:4      | Noticed a steelbarb worm
  3481 | D:4      | Noticed a redback
  3481 | D:4      | Noticed a goliath frog
  3481 | D:4      | Noticed a redback
  3482 | D:4      | Noticed a broodmother
  3482 | D:4      | Noticed a tarantella
  3482 | D:4      | Noticed a moth of wrath
  3483 | D:4      | Noticed a jumping spider
  3483 | D:4      | Noticed a redback
  3483 | D:4      | Noticed a six-headed hydra
  3484 | D:4      | Noticed a bunyip
  3563 | D:4      | Noticed a black bear
  3576 | D:4      | HP: 7/30 [black bear (3)]
  3577 | D:4      | 3577 ||| READING scroll of teleportation.
  3577 | D:4      | HP: 2/30 [black bear (3)]
  3578 | D:4      | Killed a black bear
  3579 | D:4      | Reached skill level 5 in Axes
  3579 | D:4      | Reached XP level 6. HP: 2/35 MP: 10/10
  3580 | D:4      | Succumbed to a goblin's poison

Levels and vault maps discovered:
D:1:      eino_arrival_water_star, layout_loops_ring
D:2:      layout_basic
D:3:      layout_loops_ring, dreamdust_mushroom_princess,
          uniq_crazy_yiuf_cottage
D:4:      kennysheep_big_flooded_room, layout_rooms, grunt_ashenzari_visionary
          [grunt_ashenzari_visionary_swamp, grunt_ashenzari_visionary_spider],
          dk_yredelemnul_ordeal, nicolae_shop_clearance, uniq_duvessa

Skill      XL: |  1  2  3  4  5 |
---------------+----------------+-----
Axes           | 4 5 |  5.8
Shields        | 2 3 |  3.4
Fighting       | |  2.0
Throwing       | |  1.0
Armour         | |  1.1
Dodging        | |  2.1
Spellcasting   | |  2.0
Translocations | |  2.4

Action                   |  1- 3 |  4- 6 || total
-------------------------+-------+-------++-------
Melee: Hand axe          |    96 |    75 ||   171
       Kick              |    23 |    21 ||    44
       Peck              |    10 |    10 ||    20
       Punch             |     2 |       ||     2
Throw: Boomerang         |     7 |    14 ||    21
  Use: Scroll            |     8 |     3 ||    11
       Potion            |     2 |     1 ||     3
Armor: Leather armour    |    11 |       ||    11
       Ring mail         |    30 |       ||    30
       Scale mail        |     1 |    38 ||    39
Dodge: Dodged            |    60 |    30 ||    90
Block: Kite shield       |     2 |    55 ||    57

Table legend:
 A = Non-vault XP
 B = Vault XP
 C = Vault XP percentage of total XP
 D = Non-vault monster count
 E = Vault monster count
 F = Vault count percentage of total count
                 A         B        C        D         E       F
            +---------+---------+-------+---------+---------+-------
      Total |     277 |     128 |  31.6 |      63 |       1 |   1.6
            +---------+---------+-------+---------+---------+-------
        D:1 |      19 |       0 |   0.0 |      12 |       0 |   0.0
        D:2 |      62 |       0 |   0.0 |      22 |       0 |   0.0
        D:3 |     121 |       0 |   0.0 |      22 |       0 |   0.0
        D:4 |      75 |     128 |  63.1 |       7 |       1 |  12.5
            +---------+---------+-------+---------+---------+-------
